 Dungeon Crawl Stone Soup version 0.23.1-37-gaa34b87b72 (webtiles) character file.

Game seed: 1743570216939445684

727 MisterOstroum the Magician (level 7, -5/32 HPs)
             Began as a Spriggan Enchanter on Mar 20, 2019.
             Was an Initiate of Makhleb.
             Slain by an ice beast (12 damage)
             ... on level 5 of the Dungeon.
             The game lasted 00:32:26 (4284 turns).

MisterOstroum the Magician (Spriggan Enchanter)     Turns: 4284, Time: 00:32:26

Health: -5/32      AC:  3    Str:  4    XL:     7   Next: 44%
Magic:  17/17      EV: 18    Int: 19    God:    Makhleb [......]
Gold:   150        SH:  0    Dex: 16    Spells: 15/18 levels left

rFire    . . .     SeeInvis +   m - +2 dagger (venom)
rCold    . . .     Gourm    .   (shield restricted)
rNeg     . . .     Faith    .   b - +1 robe
rPois    .         Spirit   .   (helmet restricted)
rElec    .         Reflect  .   (no cloak)
rCorr    .         Harm     .   (gloves unavailable)
MR       +....                  (boots unavailable)
Stlth    +++.......             (no amulet)
HPRegen  0.10/turn              (no ring)
MPRegen  0.15/turn              (no ring)

@: flying, studying Long Blades, very quick
A: very small, unfitting armour, see invisible, herbivore, speed 3, slow
metabolism 2
a: Renounce Religion


You were on level 5 of the Dungeon.
You worshipped Makhleb.
Makhleb was noncommittal.
You were not hungry.

You visited 1 branch of the dungeon, and saw 5 of its levels.

You collected 150 gold pieces.

Inventory:

Hand Weapons
 a - a +1 dagger
 m - a +2 dagger of venom (weapon)
 n - a +0 hunting sling
 v - a cursed -1 falchion
Missiles
 s - 20 stones (quivered)
Armour
 b - a +1 robe (worn)
Jewellery
 r - an uncursed ring of flight {unknown}
 w - a cursed ring of attention {unknown}
Wands
 o - a wand of enslavement (8)
Scrolls
 c - 2 scrolls of remove curse {unknown}
 d - 5 scrolls of amnesia
 h - a scroll of enchant armour
 j - a scroll of blinking {unknown}
 k - 7 scrolls of identify
 p - 3 scrolls of teleportation {unknown}
 q - a scroll of fear {unknown}
 t - a scroll of magic mapping {unknown}
Potions
 f - 2 potions of flight
 g - a potion of magic {unknown}
 i - 2 potions of curing
 l - a potion of invisibility {unknown}
 x - a potion of degeneration {unknown}
Books
 u - a manual of Long Blades
Comestibles
 e - 8 rations


   Skills:
 + Level 2.0 Short Blades
 - Level 3.0 Dodging
 + Level 5.2 Stealth
 - Level 6.0 Spellcasting
 * Level 5.5 Hexes
 * Level 4.2 Ice Magic


You had 15 spell levels left.
You knew the following spells:

 Your Spells              Type           Power        Failure   Level  Hunger
a - Ensorcelled Hibernat  Hex/Ice        ###...       2%          2    None
b - Corona                Hex            ####...      1%          1    None

Your spell library contained the following spells:

 Spells                   Type           Power        Failure   Level  Hunger
 Confuse                  Hex            ####....     3%          3    ##.....
 Tukima's Dance           Hex            ####....     3%          3    ##.....
 Dazzling Spray           Conj/Hex       ###...       11%         3    ##.....


Dungeon Overview and Level Annotations

Branches:
Dungeon (5/15)             Temple (0/1) D:4

Altars:
Cheibriados
Kikubaaqudgha
Makhleb
Xom
Yredelemnul


Innate Abilities, Weirdness & Mutations

You are very small and have problems with some larger weapons.
You are too small for most types of armour.
You have supernaturally acute eyesight. (SInv)
You are a herbivore.
You cover ground extremely quickly.
You need to consume almost no food.


Message History

The creatures around you are filled with an inner flame!
It was a scroll of immolation.
The shadow imp misses you. The ice beast barely misses you.
Unknown command.
Okay, then.
It was a potion of flight.
You feel very buoyant.
You fly up into the air.
The shadow imp looks more healthy.
The shadow imp puffs mist at you. The shadow imp hits you.
* * * LOW HITPOINT WARNING * * *
The ice beast hits you but does no damage.
Casting: Corona (safe; 1% risk of failure)
Confirm with . or Enter, or press ? or * to list all spells.
Okay, then.
It was a potion of curing.
You feel better. The shadow imp closely misses you. The ice beast hits you.
* * * LOW HITPOINT WARNING * * *
The ice beast freezes you!
You die...

#############
#............
####.##########.
..#.# #.......
#.#.# #.#####.
...#######.#.### #.
......5@Y......# #.
.!.#######........#
#. ###.#.#### #.
#.#.# #. #.#.# #.
#.. . .. ### #
##### ..... #####


You could see an ice beast (inner flame) and a shadow imp (inner flame).

Vanquished Creatures
  2 centaurs (D:4)
  An ogre (D:4)
  2 scorpions (D:4)
  A centaur zombie (D:5)
  3 hounds
  2 orc wizards (D:3)
  Terence (D:3)
  9 adders
  An ooze (D:1)
  An adder skeleton (D:4)
  6 worms
  2 dart slugs (D:2)
  4 leopard geckos
  3 orcs
  2 ball pythons (D:3)
  4 giant cockroaches
  9 goblins
  6 hobgoblins
  4 quokkas
  A bat (D:1)
  7 frilled lizards
  5 kobolds
  9 rats
85 creatures vanquished.

Notes
Turn   | Place    | Note
-------+----------+-------------------------------------------
     0 | D:1      | MisterOstroum the Spriggan Enchanter began the quest for
                  | the Orb.
     0 | D:1      | Reached XP level 1. HP: 9/9 MP: 5/5
    72 | D:1      | Reached skill level 3 in Spellcasting
   319 | D:1      | Reached XP level 2. HP: 9/13 MP: 4/7
   473 | D:1      | Learned a level 2 spell: Ensorcelled Hibernation
  1216 | D:2      | Reached XP level 3. HP: 16/16 MP: 1/9
  1328 | D:2      | Reached skill level 4 in Spellcasting
  1378 | D:2      | Found a shimmering altar of Xom.
  1494 | D:2      | Reached XP level 4. HP: 21/21 MP: 6/11
  1668 | D:2      | Reached skill level 5 in Hexes
  1950 | D:2      | Found an ancient bone altar of Kikubaaqudgha.
  1950 | D:2      | Found a basalt altar of Yredelemnul.
  1955 | D:2      | Found a faded altar of an unknown god.
  1957 | D:2      | Found a faded altar of an unknown god.
  1958 | D:2      | Found a snail-covered altar of Cheibriados.
  2474 | D:3      | Reached skill level 1 in Ice Magic
  2476 | D:3      | Reached skill level 5 in Spellcasting
  2476 | D:3      | Reached XP level 5. HP: 20/24 MP: 1/13
  2793 | D:3      | Noticed Terence
  2805 | D:3      | Killed Terence
  3050 | D:3      | Found a burning altar of Makhleb.
  3057 | D:3      | Reached skill level 6 in Spellcasting
  3063 | D:3      | Became a worshipper of Makhleb the Destroyer
  3212 | D:4      | Noticed a centaur
  3215 | D:4      | Noticed a centaur
  3223 | D:4      | Killed a centaur
  3223 | D:4      | Reached XP level 6. HP: 9/28 MP: 14/16
  3646 | D:4      | Reached XP level 7. HP: 32/32 MP: 7/17
  3797 | D:4      | Found a staircase to the Ecumenical Temple.
  4030 | D:4      | Reached skill level 5 in Stealth
  4044 | D:5      | Entered Level 5 of the Dungeon
  4284 | D:5      | Slain by an ice beast

Skill      XL: |  1  2  3  4  5  6  7 |
---------------+----------------------+-----
Spellcasting   | 3 4 5 6 |  6.0
Hexes          | 4 5 |  5.5
Ice Magic      | 1 2 3 4 |  4.2
Short Blades   | 2 |  2.0
Stealth        | 5 |  5.2
Dodging        | |  3.0

Action                   |  1- 3 |  4- 6 |  7- 9 || total
-------------------------+-------+-------+-------++-------
Melee: Dagger            |    76 |    81 |    35 ||   192
Throw: Stone             |       |       |     3 ||     3
 Cast: Corona            |     7 |       |     2 ||     9
       Ensorcelled Hiber |    26 |    37 |     8 ||    71
  Use: Scroll            |     3 |       |     1 ||     4
       Potion            |       |       |     2 ||     2
 Stab: Sleeping          |    20 |    36 |     6 ||    62
  Eat: Ration            |       |     1 |     1 ||     2
Armor: Robe              |     9 |     3 |     5 ||    17
Dodge: Dodged            |    55 |    82 |    28 ||   165
